 Dungeon Crawl Stone Soup version 0.23-a0-483-g32a748b514 (webtiles) character file.

58 Naow the Chopper (level 4, -1/35 HPs)
             Began as a Formicid Fighter on Nov 30, 2018.
             Slain by a hobgoblin (2 damage)
             ... on level 2 of the Dungeon.
             The game lasted 00:02:08 (1226 turns).

Naow the Chopper (Formicid Fighter)                 Turns: 1226, Time: 00:02:08

Health: -1/35      AC:  8    Str: 20 (21) XL:     4   Next: 21%
Magic:  4/4        EV:  7    Int: 11 (13) God:
Gold:   38         SH:  9    Dex:  8 (10) Spells: 3/3 levels left

rFire    + . .     SeeInvis +   a - +0 war axe
rCold    x . .     Gourm    .   c - +0 shield
rNeg     . . .     Faith    .   b - +0 scale mail
rPois    .         Spirit   .   (helmet unavailable)
rElec    .         Reflect  .   (no cloak)
rCorr    .         Harm     .   g - +0 pair of gloves
MR       .....                  (no boots)
Stlth    ..........             i - amulet of inaccuracy (curse)
HPRegen  0.11/turn              j - ring of fire
MPRegen  0.09/turn              (no ring)

@: brilliant, very slightly contaminated
A: permanent stasis, dig shafts and tunnels, four strong arms, antennae 3
a: Dig, Shaft Self


You were on level 2 of the Dungeon.
You were very hungry.

You visited 1 branch of the dungeon, and saw 2 of its levels.

You collected 38 gold pieces.

Inventory:

Hand Weapons
 a - a +0 war axe (weapon)
Armour
 b - a +0 scale mail (worn)
 c - a +0 shield (worn)
 g - a +0 pair of gloves (worn)
Jewellery
 i - a cursed amulet of inaccuracy (around neck)
 j - a ring of fire (left hand)
 k - an uncursed amulet of faith {unknown}
Scrolls
 e - a scroll of teleportation {unknown}
 h - 2 scrolls of identify
 o - a scroll of fog {unknown}
Potions
 d - a potion of might
 m - 2 potions of resistance
Comestibles
 f - 4 rations


   Skills:
 - Level 3.3 Fighting
 + Level 4.1 Axes
 - Level 3.3 Armour
 - Level 3.6 Shields


You had 3 spell levels left.
You didn't know any spells.
Your spell library was empty.

Dungeon Overview and Level Annotations

Branches:
Dungeon (2/15)

Altars:


Innate Abilities, Weirdness & Mutations

You cannot be hasted, slowed, berserked, paralysed or teleported.
You can dig through walls and to a lower floor.
Your four strong arms can wield two-handed weapons with a shield.
You have a pair of large antennae on your head. (SInv)


Message History

Okay, then.
A hobgoblin comes into view.
* * * LOW HITPOINT WARNING * * *
You feel sick.
The hobgoblin shouts!
Found 5 gold pieces.
* * * LOW HITPOINT WARNING * * *
You feel sick. You block the hobgoblin's attack.
* * * LOW HITPOINT WARNING * * *
You feel sick.
You are no longer poisoned.
You flicker for a moment.
You block the hobgoblin's attack.
You flicker back into view.
Found a ration.
You hit the hobgoblin but do no damage. The hobgoblin hits you.
* * * LOW HITPOINT WARNING * * *
You closely miss the hobgoblin. The hobgoblin closely misses you.
You barely miss the hobgoblin. The hobgoblin hits you.
You die...

#. ## #. ....##.
... . ....##.##.#.#
{{..% ....#.# ...
..... #.# #..# #.#
#..#
###.#####.†#######.
#.@g...............
#.########%........
#. #.......## #.
#......... ..
#......... ##
#<......#.
#.........
####.##... { ...##.


You could see a hobgoblin.

Vanquished Creatures
  An adder (D:2)
  2 oozes
  A leopard gecko (D:1)
  4 giant cockroaches
  5 goblins
  3 hobgoblins (D:1)
  2 jackals (D:1)
  2 ball pythons (D:1)
  9 bats
  A frilled lizard (D:1)
  3 kobolds (D:1)
  6 rats (D:1)
39 creatures vanquished.

Notes
Turn   | Place    | Note
-------+----------+-------------------------------------------
     0 | D:1      | Naow the Formicid Fighter began the quest for the Orb.
     0 | D:1      | Reached XP level 1. HP: 18/18 MP: 1/1
   167 | D:1      | Reached XP level 2. HP: 24/24 MP: 2/2
   382 | D:1      | Reached skill level 3 in Axes
   400 | D:1      | Reached XP level 3. HP: 24/29 MP: 3/3
  1173 | D:2      | Reached XP level 4. HP: 27/35 MP: 4/4
  1196 | D:2      | Reached skill level 4 in Axes
  1210 | D:2      | HP: 1/35 [poisoned by an adder]
  1224 | D:2      | HP: 1/35 [hobgoblin (1)]
  1226 | D:2      | Slain by a hobgoblin

Vault maps used:
D:1:      minmay_arrival_plants_in_alcoves, minmay_vboxes
D:2:      first_ration, grunt_dithmenos_smoke_and_mirrors

Skill      XL: |  1  2  3  4 |
---------------+-------------+-----
Axes           | 3 4 |  4.1
Fighting       | |  3.3
Armour         | |  3.3
Shields        | |  3.6

Action                   |  1- 3 |  4- 6 || total
-------------------------+-------+-------++-------
Melee: War axe           |   100 |    27 ||   127
  Use: Scroll            |     1 |       ||     1
       Potion            |       |     3 ||     3
Armor: Scale mail        |    72 |    20 ||    92
Dodge: Dodged            |    52 |     9 ||    61
Block: Shield            |    72 |    16 ||    88

Table legend:
 A = Non-vault XP
 B = Vault XP
 C = Vault XP percentage of total XP
 D = Non-vault monster count
 E = Vault monster count
 F = Vault count percentage of total count
                 A         B        C        D         E       F
            +---------+---------+-------+---------+---------+-------
      Total |      74 |      10 |  11.9 |      33 |       6 |  15.4
            +---------+---------+-------+---------+---------+-------
        D:1 |      47 |      10 |  17.5 |      28 |       6 |  17.6
        D:2 |      27 |       0 |   0.0 |       5 |       0 |   0.0
            +---------+---------+-------+---------+---------+-------
